[Event "Titled Tuesday Blitz May 2 Late 2023"]
[White "Prieto Aranguren, Alain"]
[Black "Jaskolka, Tomasz"]
[WhiteFideId "2268906"]
[BlackFideId "1170791"]
[WhiteElo "2209"]
[BlackElo "2155"]
[Result "0-1"]
[Round "11"]
[TimeControl "180+2"]
[Date "2023.05.02"]
[WhiteClock "0:00:03"]
[BlackClock "0:00:26"]

1. d4 d5 2. c4 e5 3. dxe5 d4 4. Nf3 Nc6 5. g3 Nge7 6. Bg2 Ng6 7. e3 Bb4+ 8. Kf1 d3 9. a3 Be7 10. Nc3 Ngxe5 11. Nxe5 Nxe5 12. h3 O-O 13. b3 Bf6 14. Bb2 c6 15. Ne4 d2 16. Nxf6+ gxf6 17. Kg1 Bf5 18. Kh2 Kh8 19. f4 Nd3 20. Qxd2 Nxb2 21. Qxb2 Rg8 22. g4 Qe7 23. gxf5 Qxe3 24. Rhg1 Qxf4+ 25. Kh1 Qh6 26. Raf1 Rg3 27. Rf2 Rag8 28. Qe2 Qg5 29. Kh2 Rxh3+ 0-1


[Site "https://www.chess.com"]

[Event "Titled Tuesday Blitz May 2 Late 2023"]
[White "Papayan, Oleg"]
[Black "Ng, Gary"]
[WhiteFideId "4193911"]
[BlackFideId "2604914"]
[WhiteElo "2153"]
[BlackElo "2213"]
[Result "1-0"]
[Round "11"]
[TimeControl "180+2"]
[Date "2023.05.02"]
[WhiteClock "0:00:26"]
[BlackClock "0:01:44"]

1. e4 c6 2. Nf3 d5 3. Nc3 Bg4 4. Qe2 Bxf3 5. Qxf3 d4 6. Nb1 e5 7. Bc4 Qf6 8. Qg3 h5 9. h4 Ne7 10. d3 Ng6 11. Bg5 Qd6 12. O-O Be7 13. Nd2 Bxg5 14. Qxg5 Nd7 15. Nf3 Qf6 16. Qxf6 gxf6 17. g3 Ke7 18. Kh2 Ngf8 19. Ng1 Ne6 20. Ne2 Rhg8 21. b4 a5 22. a3 axb4 23. axb4 Nb6 24. Bb3 Rxa1 25. Rxa1 Ra8 26. Rf1 c5 27. Bxe6 Nd7 28. Bxd7 1-0


[Site "https://www.chess.com"]

[Event "Titled Tuesday Blitz May 2 Late 2023"]
[White "Pein, Jonathan"]
[Black "Kostiukov, Alexandr"]
[WhiteFideId "417092"]
[BlackFideId "14108100"]
[WhiteElo "2151"]
[BlackElo "2202"]
[Result "0-1"]
[Round "11"]
[TimeControl "180+2"]
[Date "2023.05.02"]
[WhiteClock "0:02:00"]
[BlackClock "0:00:52"]

1. b3 g6 2. Bb2 Nf6 3. Bxf6 exf6 4. c4 Bg7 5. g3 f5 6. Nc3 O-O 7. Bg2 d6 8. e3 Nd7 9. Nge2 Nf6 10. h4 h5 11. d3 c6 12. Nf4 Ng4 13. Rc1 Qe7 14. d4 Re8 15. O-O Bh6 16. Qd3 Bd7 17. Rfe1 Bxf4 18. exf4 Qxe1+ 19. Rxe1 Rxe1+ 20. Bf1 Rae8 21. Ne2 R8xe2 22. Qxe2 Rxe2 23. Bxe2 Nf6 24. f3 c5 25. d5 Kf8 26. Kf2 Ke7 27. Ke3 Kd8 28. a4 Kc7 29. Kd2 Kb6 30. Kc3 Ka5 31. Bf1 a6 32. Be2 b5 33. axb5 axb5 34. Bd1 bxc4 35. bxc4 Ba4 36. Be2 Bd7 37. Bd1 Ne8 38. Be2 Ka4 39. Bd1+ Ka3 40. Bc2 Ba4 41. Bd3 Bd1 42. Bb1 Bxf3 43. Bd3 Nf6 44. Bc2 Ne4+ 45. Bxe4 Bxe4 46. Kd2 Kb3 47. Ke3 Kxc4 48. g4 hxg4 49. Kf2 Kxd5 50. Kg3 Kd4 51. h5 gxh5 52. Kh2 Ke3 53. Kg3 c4 54. Kh2 h4 55. Kg1 c3 56. Kh2 c2 57. Kg1 c1=Q+ 58. Kh2 Qh1# 0-1


[Site "https://www.chess.com"]

[Event "Titled Tuesday Blitz May 2 Late 2023"]
[White "Rose, Felix"]
[Black "Colpe, Malte"]
[WhiteFideId "5105722"]
[BlackFideId "24623075"]
[WhiteElo "2039"]
[BlackElo "2289"]
[Result "1/2-1/2"]
[Round "11"]
[TimeControl "180+2"]
[Date "2023.05.02"]
[WhiteClock "0:00:07"]
[BlackClock "0:00:16"]

1. e4 c6 2. d4 d5 3. e5 Bf5 4. h4 h5 5. Bd3 Bxd3 6. Qxd3 Qa5+ 7. Nd2 e6 8. Nf3 Qa6 9. c4 Nh6 10. O-O Nf5 11. Qc2 Be7 12. cxd5 cxd5 13. Nb3 Nc6 14. Bg5 Bxg5 15. hxg5 h4 16. g6 fxg6 17. Nc5 Qc4 18. Qxc4 dxc4 19. Nxe6 Ke7 20. d5 Nb4 21. Nf4 Rh6 22. d6+ Kd7 23. Rfd1 Nd3 24. Nxd3 cxd3 25. Rxd3 h3 26. gxh3 Rxh3 27. e6+ Kd8 28. e7+ Ke8 29. Re1 Nxd6 30. Kg2 Rxf3 31. Kxf3 Nf5 32. Rd5 Rc8 33. Kf4 Nxe7 34. Rde5 Rc7 35. Kg5 Kf7 36. R1e3 Nf5 37. Rc3 Rd7 38. Rec5 Ne7 39. Rc7 Rd5+ 40. Kg4 Rd4+ 41. Kg3 Kf6 42. Rxb7 Nf5+ 43. Kf3 a5 44. Rc6+ Kg5 45. Rbb6 Rf4+ 46. Ke2 Nd4+ 47. Kf1 Nxc6 48. Rxc6 Rb4 49. b3 a4 50. Rc5+ Kf6 51. Rc6+ Kf5 52. Rc5+ Ke6 53. Rc6+ Kf7 54. Rc7+ Kf6 55. Rc6+ Kf7 56. Rc7+ Kf6 57. Rc6+ 1/2-1/2


[Site "https://www.chess.com"]

[Event "Titled Tuesday Blitz May 2 Late 2023"]
[White "Gasparyan, David"]
[Black "Stanisz, Patryk"]
[WhiteFideId "13311980"]
[BlackFideId "1123106"]
[WhiteElo "2142"]
[BlackElo "2069"]
[Result "1/2-1/2"]
[Round "11"]
[TimeControl "180+2"]
[Date "2023.05.02"]
[WhiteClock "0:00:24"]
[BlackClock "0:00:06"]

1. c4 c6 2. Nc3 d5 3. cxd5 cxd5 4. d4 Nc6 5. Bf4 a6 6. Nf3 Nf6 7. e3 Ne4 8. Nxe4 dxe4 9. Nd2 e5 10. dxe5 Bb4 11. a3 Bxd2+ 12. Qxd2 O-O 13. Qd6 Qb6 14. Qd2 Rd8 15. Qc2 Bf5 16. Bc4 Rac8 17. O-O Na5 18. b3 Nxc4 19. bxc4 Qc6 20. Rab1 b5 21. Rfc1 Qxc4 22. Qxc4 Rxc4 23. Rxc4 bxc4 24. h3 c3 25. Rc1 Rc8 26. Rc2 Be6 27. Bg5 Bb3 28. Rc1 c2 29. Be7 Rc3 30. a4 Bxa4 31. g4 Bb5 32. Bb4 Rc6 33. Kg2 Bd3 34. Kg3 h6 35. f4 Rb6 36. Bc5 Rb5 37. Ba3 Rb3 38. Bc5 a5 39. f5 Rb5 40. Bd6 a4 41. e6 fxe6 42. fxe6 Rb6 43. e7 Kf7 44. Bc5 Rb1 45. Ba3 Rxc1 46. Bxc1 Kxe7 47. Kf4 Ke6 48. Ba3 Kd5 49. Kf5 Kc4 50. Kg6 Kb3 51. Bc1 a3 52. Bxa3 Kxa3 53. Kxg7 c1=Q 54. Kxh6 Qxe3+ 55. g5 Qxh3+ 56. Kg7 Qg4 57. g6 e3 58. Kh8 Qxg6 1/2-1/2


[Site "https://www.chess.com"]

[Event "Titled Tuesday Blitz May 2 Late 2023"]
[White "Cooklev, Steven"]
[Black "Buchenau, Frank"]
[WhiteFideId "2050552"]
[BlackFideId "4604350"]
[WhiteElo "2039"]
[BlackElo "2157"]
[Result "1-0"]
[Round "11"]
[TimeControl "180+2"]
[Date "2023.05.02"]
[WhiteClock "0:00:13"]
[BlackClock "0:00:26"]

1. e4 e6 2. d4 d5 3. Nd2 c5 4. Ngf3 cxd4 5. Nxd4 Nc6 6. Bb5 Bd7 7. Nxc6 bxc6 8. Bd3 Bd6 9. Qe2 Qc7 10. Nf3 e5 11. O-O Ne7 12. Bg5 f6 13. Bh4 O-O 14. Bg3 Rab8 15. c4 d4 16. c5 Bxc5 17. Bc4+ Kh8 18. Nh4 g5 19. Nf5 Nxf5 20. exf5 Bxf5 21. Rfe1 Bd6 22. Rac1 c5 23. b3 Kg7 24. h4 h6 25. Red1 e4 26. Bd5 Bxg3 27. fxg3 e3 28. Rxd4 Qxg3 29. Rxc5 Rbc8 30. Rdc4 Rxc5 31. Rxc5 Bg4 32. Qd3 Qe1+ 33. Kh2 Qxh4+ 34. Kg1 e2 35. Rc7+ Bd7 36. Rxd7+ Rf7 37. Rxf7+ Kg8 38. Qh7# 1-0


[Site "https://www.chess.com"]

[Event "Titled Tuesday Blitz May 2 Late 2023"]
[White "Oliveira, Tiago Batista"]
[Black "Kujawski, Adam"]
[WhiteFideId "2108291"]
[BlackFideId "1100920"]
[WhiteElo "1962"]
[BlackElo "2054"]
[Result "0-1"]
[Round "11"]
[TimeControl "180+2"]
[Date "2023.05.02"]
[WhiteClock "0:00:01"]
[BlackClock "0:00:13"]

1. d4 Nf6 2. c4 e6 3. Nf3 c5 4. d5 d6 5. Nc3 g6 6. g3 Bg7 7. Bg2 exd5 8. cxd5 O-O 9. O-O a6 10. a4 Re8 11. Re1 Ne4 12. Nxe4 Rxe4 13. Bg5 Qb6 14. a5 Qxb2 15. Rb1 Qa2 16. Bd8 c4 17. Bb6 c3 18. Qb3 Qxb3 19. Rxb3 Nd7 20. Be3 Nc5 21. Rb6 Rxe3 22. fxe3 Bh6 23. Rxd6 Bxe3+ 24. Kf1 Bf5 25. Nh4 c2 26. Nxf5 gxf5 27. Rb6 Rd8 28. d6 Ne4 29. Bxe4 fxe4 30. Rxb7 c1=Q 31. Rxc1 Bxc1 32. d7 Bg5 33. e3 Kf8 34. Ke2 Ke7 0-1


[Site "https://www.chess.com"]

[Event "Titled Tuesday Blitz May 2 Late 2023"]
[White "Ardila, Oscar Humberto"]
[Black "Van Baar, Esper"]
[WhiteFideId "4404742"]
[BlackFideId "1049321"]
[WhiteElo "1918"]
[BlackElo "2180"]
[Result "1-0"]
[Round "11"]
[TimeControl "180+2"]
[Date "2023.05.02"]
[WhiteClock "0:01:50"]
[BlackClock "0:00:06"]

1. d4 d5 2. c4 c6 3. cxd5 cxd5 4. Nc3 Nc6 5. Nf3 Bf5 6. Bf4 Nf6 7. e3 e6 8. Be2 Bb4 9. O-O O-O 10. Rc1 Rc8 11. Na4 Nh5 12. Bg5 f6 13. Bh4 g5 14. Bg3 Nxg3 15. hxg3 Bd6 16. Nc5 Bxc5 17. dxc5 e5 18. Qb3 Be6 19. Qxb7 Rf7 20. Qa6 Nb4 21. Qxe6 Nxa2 22. Ra1 Nb4 23. Nxe5 fxe5 24. Bh5 Rc7 25. Bxf7+ Rxf7 26. Rxa7 Qf6 27. Qxf6 Rxf6 28. Rb7 Nd3 29. b4 d4 30. exd4 exd4 31. Rd1 Nxf2 32. Rxd4 Rf8 33. Rdd7 1-0


[Site "https://www.chess.com"]

[Event "Titled Tuesday Blitz May 2 Late 2023"]
[White "Grinev, Valeriy"]
[Black "Quirke, Jeffrey"]
[WhiteFideId "14117517"]
[BlackFideId "2013029"]
[WhiteElo "2366"]
[BlackElo "2007"]
[Result "1-0"]
[Round "11"]
[TimeControl "180+2"]
[Date "2023.05.02"]
[WhiteClock "0:00:50"]
[BlackClock "0:00:01"]

1. e4 Nf6 2. Nc3 d5 3. e5 Nfd7 4. Nf3 Nb6 5. d4 Bg4 6. Be2 e6 7. O-O c5 8. h3 Bxf3 9. Bxf3 cxd4 10. Qxd4 Nc6 11. Qf4 Be7 12. Qg3 O-O 13. Bh6 g6 14. Bxf8 Bxf8 15. Rfe1 Bg7 16. Rad1 Nd7 17. Nxd5 exd5 18. Bxd5 Ncxe5 19. Bxb7 Rb8 20. Bd5 Qb6 21. b3 Qa5 22. a4 Rc8 23. Qf4 Rf8 24. Be4 Nc5 25. Bd5 Ned3 26. cxd3 Nxd3 27. Qe4 Nxe1 28. Rxe1 Qc3 29. Re3 Qc1+ 30. Kh2 Qc7+ 31. g3 Qc1 32. Rf3 Qb2 33. Qe7 1-0


[Site "https://www.chess.com"]

[Event "Titled Tuesday Blitz May 2 Late 2023"]
[White "Vaglio Munoz, Jaime"]
[Black "Fajdetic, Hrvoje"]
[WhiteFideId "6500145"]
[BlackFideId "14501945"]
[WhiteElo "2199"]
[BlackElo "2185"]
[Result "0-1"]
[Round "11"]
[TimeControl "180+2"]
[Date "2023.05.02"]
[WhiteClock "0:00:33"]
[BlackClock "0:00:04"]

1. e4 c5 2. a3 d5 3. exd5 Qxd5 4. Nc3 Qd6 5. g3 e6 6. Bg2 Nf6 7. Nge2 a6 8. d4 Nc6 9. dxc5 Qxd1+ 10. Nxd1 Bxc5 11. b4 Ba7 12. Bb2 O-O 13. Bxc6 bxc6 14. Bd4 Bb8 15. f4 a5 16. c3 Nd5 17. Kf2 axb4 18. cxb4 f6 19. Bc5 Rf7 20. Nd4 e5 21. Nxc6 exf4 22. Nxb8 fxg3+ 23. hxg3 Rxb8 24. Ne3 Nc3 25. a4 Ne4+ 26. Ke2 Nxg3+ 27. Kd3 Nxh1 28. Rxh1 Bd7 29. b5 Ra8 30. b6 Bxa4 31. Rb1 Bc6 32. Nc4 g5 33. Kc3 Rc8 34. Nd6 Rb8 35. Nxf7 Kxf7 36. Re1 Rb7 37. Bd4 Kg6 38. Kb4 h5 39. Kc5 Bf3 40. Re6 Rf7 41. Re3 g4 42. Bc3 Bb7 43. Be1 Kg5 44. Re6 f5 45. Bd2+ Kh4 46. Bf4 g3 47. Rg6 g2 48. Kd4 Bf3 49. Ke3 Bg4 50. Kf2 Kh3 51. Bc7 Re7 52. b7 Re2+ 53. Kg1 Re1+ 54. Kf2 g1=Q# 0-1


[Site "https://www.chess.com"]

[Event "Titled Tuesday Blitz May 2 Late 2023"]
[White "Gatterer, Florian"]
[Black "De Souza, Cristiano Gomes"]
[WhiteFideId "811688"]
[BlackFideId "2151758"]
[WhiteElo "2221"]
[BlackElo "2068"]
[Result "1/2-1/2"]
[Round "11"]
[TimeControl "180+2"]
[Date "2023.05.02"]
[WhiteClock "0:01:29"]
[BlackClock "0:01:57"]

1. e4 c5 2. Nf3 d6 3. Bb5+ Bd7 4. Bxd7+ Qxd7 5. c4 Nc6 6. O-O g6 7. d4 cxd4 8. Nxd4 Bg7 9. Be3 Nf6 10. Nc3 O-O 11. Rc1 Ng4 12. Nxc6 bxc6 13. Bd2 Ne5 14. Qe2 Qc7 15. h3 Nd7 16. Kh1 Nc5 17. f3 Ne6 18. Be3 Rab8 19. b3 Nd4 20. Qd2 c5 21. Nd5 Qd7 22. Bg5 Rfe8 23. Be3 e6 24. Nc3 f5 25. Rfd1 e5 26. Nd5 1/2-1/2


[Site "https://www.chess.com"]

[Event "Titled Tuesday Blitz May 2 Late 2023"]
[White "Fuentes Godoy, Lilia Ivonne"]
[Black "Debray, Christopher"]
[WhiteFideId "5104130"]
[BlackFideId "630810"]
[WhiteElo "2096"]
[BlackElo "2340"]
[Result "1/2-1/2"]
[Round "11"]
[TimeControl "180+2"]
[Date "2023.05.02"]
[WhiteClock "0:00:04"]
[BlackClock "0:00:15"]

1. d4 d5 2. c4 e6 3. Nf3 Nf6 4. g3 c6 5. Bg2 Nbd7 6. Qc2 Bb4+ 7. Bd2 Bxd2+ 8. Nbxd2 O-O 9. O-O Qe7 10. e4 dxe4 11. Nxe4 Nxe4 12. Qxe4 Qb4 13. b3 Nf6 14. Qc2 b5 15. Ne5 bxc4 16. bxc4 Ba6 17. Rfc1 Qd6 18. Nxc6 Rac8 19. c5 Qd7 20. Nb4 Bb5 21. a4 Qxd4 22. axb5 Qxb4 23. Rab1 Qd4 24. c6 Nd5 25. Rd1 Qb6 26. Bxd5 exd5 27. Rxd5 a6 28. Qc5 Qxc5 29. Rxc5 axb5 30. Rbxb5 Rc7 31. Rb7 Rfc8 32. Rxc7 Rxc7 33. Kf1 Kf8 34. Ke2 Ke7 35. Kd3 Kd6 36. Kd4 Rxc6 37. Rxc6+ Kxc6 38. Ke5 Kd7 39. f4 Ke7 40. f5 Kd7 41. Kd5 Ke7 42. Ke5 Kd7 43. g4 Ke7 44. g5 f6+ 45. gxf6+ gxf6+ 46. Kd5 Kd7 47. h3 h6 48. Ke4 Kc6 49. Kf4 Kd5 50. Kg4 Ke5 51. h4 Ke4 52. Kh5 Kxf5 53. Kxh6 Kg4 54. h5 f5 55. Kg6 f4 56. h6 f3 57. h7 f2 58. h8=Q f1=Q 59. Qd4+ Qf4 60. Qxf4+ Kxf4 1/2-1/2


[Site "https://www.chess.com"]

[Event "Titled Tuesday Blitz May 2 Late 2023"]
[White "Martic, Ivan"]
[Black "Broca Jimenez, Fernando"]
[WhiteFideId "929301"]
[BlackFideId "5104742"]
[WhiteElo "2360"]
[BlackElo "2062"]
[Result "1-0"]
[Round "11"]
[TimeControl "180+2"]
[Date "2023.05.02"]
[WhiteClock "0:01:40"]
[BlackClock "0:00:14"]

1. e4 c5 2. Nf3 g6 3. g3 Nc6 4. Bg2 Nf6 5. d3 Bg7 6. O-O O-O 7. c3 d5 8. Nbd2 dxe4 9. dxe4 Bg4 10. Qc2 h6 11. h3 Be6 12. Rd1 Qc7 13. Bf1 Rad8 14. Kh2 a6 15. a4 Na5 16. Re1 Qb6 17. b4 cxb4 18. cxb4 Nc6 19. Nc4 Bxc4 20. Bxc4 Nxb4 21. Qe2 Ng4+ 22. hxg4 Bxa1 23. Be3 Qf6 24. Bxh6 Bc3 25. Rc1 Qh8 26. g5 Bg7 27. Kg2 Bxh6 28. Rh1 Nc6 29. Rxh6 Nd4 30. Rxh8+ Kxh8 31. Qb2 e5 32. Nxe5 Kg8 33. Ng4 1-0


[Site "https://www.chess.com"]

[Event "Titled Tuesday Blitz May 2 Late 2023"]
[White "Golubev, Mikhail"]
[Black "Joubert, Dantelle"]
[WhiteFideId "14100983"]
[BlackFideId "14310813"]
[WhiteElo "2374"]
[BlackElo "1507"]
[Result "1-0"]
[Round "11"]
[TimeControl "180+2"]
[Date "2023.05.02"]
[WhiteClock "0:00:25"]
[BlackClock "0:00:03"]

1. Na3 d5 2. c3 e6 3. Nc2 Nf6 4. Nf3 Be7 5. d4 O-O 6. g3 c5 7. dxc5 Bxc5 8. Bg2 Ne4 9. O-O Nc6 10. Be3 Bd6 11. c4 dxc4 12. Nfd4 Nxd4 13. Nxd4 Nf6 14. Nb5 Be5 15. Qc2 Qa5 16. Na3 c3 17. Nc4 Qc7 18. Nxe5 Qxe5 19. bxc3 Bd7 20. Bxb7 Rab8 21. Bf4 Qb5 22. Rab1 Qh5 23. Bf3 Ng4 24. Bxg4 Qxg4 25. Rxb8 Rxb8 26. Bxb8 Bc6 27. f3 Qc4 28. Qd3 Qc5+ 29. Qd4 Qb5 30. Qd8+ Be8 31. Bd6 h5 32. c4 Qc6 33. c5 Kh7 34. Qg5 g6 35. Qf6 1-0


[Site "https://www.chess.com"]

[Event "Titled Tuesday Blitz May 2 Late 2023"]
[White "Panico, Nick"]
[Black "Kapp, Martin"]
[WhiteFideId "2026724"]
[BlackFideId "24651680"]
[WhiteElo "1982"]
[BlackElo "2177"]
[Result "1-0"]
[Round "11"]
[TimeControl "180+2"]
[Date "2023.05.02"]
[WhiteClock "0:02:01"]
[BlackClock "0:00:54"]

1. f4 d5 2. Nf3 Nf6 3. e3 c5 4. Be2 e6 5. O-O Be7 6. b3 O-O 7. Bb2 Nc6 8. Ne5 Nd7 9. Nxc6 bxc6 10. d3 Bf6 11. Qc1 Rb8 12. Nc3 c4 13. e4 Bd4+ 14. Kh1 Qa5 15. Na4 c3 16. Ba3 c5 17. exd5 exd5 18. Bf3 Nf6 19. Rb1 Re8 20. h3 Bd7 21. g4 1-0


[Site "https://www.chess.com"]

[Event "Titled Tuesday Blitz May 2 Late 2023"]
[White "Vifleemskaia, Svetlana"]
[Black "Roman, Rodrigo"]
[WhiteFideId "4129490"]
[BlackFideId "3701220"]
[WhiteElo "1930"]
[BlackElo "1995"]
[Result "0-1"]
[Round "11"]
[TimeControl "180+2"]
[Date "2023.05.02"]
[WhiteClock "0:00:01"]
[BlackClock "0:00:33"]

1. d4 f6 2. e4 Kf7 3. c4 e6 4. Nc3 d6 5. f4 Ne7 6. Nf3 d5 7. cxd5 exd5 8. e5 h5 9. Bd3 Bf5 10. O-O c6 11. Re1 Na6 12. Bxf5 Nxf5 13. Qd3 Ne7 14. e6+ Kg8 15. f5 Nb4 16. Qb1 c5 17. Be3 Nbc6 18. a3 h4 19. Qd3 c4 20. Qc2 Rh5 21. Qf2 Nxf5 22. g4 hxg3 23. hxg3 Bd6 24. g4 Bg3 25. Qe2 Bxe1 26. gxh5 Bxc3 27. bxc3 Qd6 28. Bf2 Re8 29. Re1 Nd8 30. Qc2 Nh6 31. Qg6 Rxe6 32. Bg3 Qd7 33. Bf4 Rxe1+ 34. Nxe1 Qg4+ 35. Qxg4 Nxg4 36. Kg2 Ne6 37. Bd2 Nh6 38. Nc2 Nf5 39. Kf3 Nd6 40. Nb4 Nc7 41. a4 a5 42. Nc2 Ne4 43. Be1 b5 44. axb5 Nxb5 45. Ne3 Nbxc3 46. Bxc3 Nxc3 47. Kf2 a4 48. Ke1 a3 49. Kd2 a2 50. Nc2 Nb5 51. Ke3 Kf7 52. Na1 Ke6 53. Nc2 Kf5 54. Na1 Kg5 0-1


[Site "https://www.chess.com"]

[Event "Titled Tuesday Blitz May 2 Late 2023"]
[White "Adel, Sara"]
[Black "Mendez, Ruddy Antonio"]
[WhiteFideId "10616764"]
[BlackFideId "6403387"]
[WhiteElo "1982"]
[BlackElo "2161"]
[Result "0-1"]
[Round "11"]
[TimeControl "180+2"]
[Date "2023.05.02"]
[WhiteClock "0:00:10"]
[BlackClock "0:01:36"]

1. e4 e5 2. Nf3 Nc6 3. Bc4 Bc5 4. c3 Nf6 5. d3 a6 6. Bb3 d6 7. Qe2 Ba7 8. Nbd2 O-O 9. Nf1 Be6 10. Bxe6 fxe6 11. Ng3 d5 12. Ng5 Qd7 13. Bd2 b5 14. O-O-O a5 15. Nh5 b4 16. Nxf6+ Rxf6 17. Qh5 g6 18. Qh4 Rxf2 19. c4 dxc4 20. dxc4 Rxd2 21. Rxd2 Be3 22. Rd1 Qe7 23. Kb1 Bxg5 24. Qg4 Bxd2 25. Rxd2 Rd8 26. Rxd8+ Nxd8 27. h4 Nc6 28. h5 Kg7 29. Qh3 gxh5 30. Qxh5 Nd4 31. Qg4+ Kh8 32. b3 Qg7 33. Qh5 h6 34. Qe8+ Kh7 35. a3 Qxg2 36. Qf7+ Qg7 37. Qf2 Nxb3 38. axb4 axb4 39. Kb2 Nd4 40. Qh2 Qg5 41. c5 b3 42. Qf2 Qf4 43. Qg2 Qf3 44. Qxf3 Nxf3 45. Kxb3 Nd2+ 0-1


[Site "https://www.chess.com"]

[Event "Titled Tuesday Blitz May 2 Late 2023"]
[White "James, Stuart"]
[Black "Lopez Perdomo, Juan David"]
[WhiteFideId "7400489"]
[BlackFideId "4405137"]
[WhiteElo "1950"]
[BlackElo "1965"]
[Result "1-0"]
[Round "11"]
[TimeControl "180+2"]
[Date "2023.05.02"]
[WhiteClock "0:01:13"]
[BlackClock "0:00:52"]

1. e4 e6 2. Nf3 d5 3. exd5 exd5 4. d4 Nf6 5. Be2 Bd6 6. O-O O-O 7. c4 dxc4 8. Nc3 Bg4 9. h3 Bh5 10. Bg5 c6 11. Bxc4 Nbd7 12. g4 Bg6 13. Re1 Qa5 14. d5 h5 15. dxc6 bxc6 16. Qxd6 hxg4 17. hxg4 Rad8 18. Ne5 Nxe5 19. Qxe5 Qb4 20. Qf4 Qxb2 21. Bxf6 gxf6 22. Qxf6 Kh7 23. Kg2 Qb4 24. Rh1+ Bh5 25. Rxh5+ Kg8 26. Rh8# 1-0


[Site "https://www.chess.com"]

[Event "Titled Tuesday Blitz May 2 Late 2023"]
[White "Vargas, Mauricio"]
[Black "Smith, Shreyas"]
[WhiteFideId "4404572"]
[BlackFideId "7400713"]
[WhiteElo "1998"]
[BlackElo "2151"]
[Result "0-1"]
[Round "11"]
[TimeControl "180+2"]
[Date "2023.05.02"]
[WhiteClock "0:00:14"]
[BlackClock "0:01:23"]

1. e4 c5 2. Nc3 a6 3. f4 b5 4. Nf3 Bb7 5. d3 e6 6. g4 d5 7. e5 b4 8. Ne2 h5 9. g5 g6 10. h4 Ne7 11. Bg2 Nf5 12. O-O a5 13. Kh2 a4 14. Ng3 Nc6 15. Nxf5 gxf5 16. Rg1 Be7 17. Be3 Kd7 18. c3 a3 19. bxa3 bxc3 20. Qb3 Na5 21. Qxc3 d4 22. Nxd4 cxd4 23. Qxd4+ Ke8 24. Bxb7 Qxd4 25. Bxd4 Nxb7 26. Rab1 Nc5 27. g6 fxg6 28. Rxg6 Kf7 29. Rbg1 Rag8 30. Rxg8 Rxg8 31. Rxg8 Kxg8 32. Kg3 Nxd3 33. a4 Bb4 34. Kf3 Nc5 35. Bxc5 Bxc5 36. a5 Kf7 37. Ke2 Ke7 38. Kd3 Kd7 39. Kc4 Kc6 40. a4 Bf2 41. Kb4 Bxh4 42. a6 Kb6 43. a7 Kxa7 44. Kc5 Be7+ 45. Kc6 h4 46. Kd7 Bc5 47. Kxe6 h3 48. Kxf5 h2 49. e6 h1=Q 50. Kf6 Qe4 51. f5 Bd6 52. Kg6 Qe5 53. e7 Bxe7 54. a5 Qf6+ 55. Kh7 Bf8 56. a6 Qg7# 0-1


[Site "https://www.chess.com"]

[Event "Titled Tuesday Blitz May 2 Late 2023"]
[White "Sanchez, Robert"]
[Black "Figorito, Nick"]
[WhiteFideId "2034360"]
[BlackFideId "30923689"]
[WhiteElo "1966"]
[BlackElo "2036"]
[Result "0-1"]
[Round "11"]
[TimeControl "180+2"]
[Date "2023.05.02"]
[WhiteClock "0:01:23"]
[BlackClock "0:00:23"]

1. e4 e6 2. d4 d5 3. Nd2 Nf6 4. e5 Nfd7 5. Bd3 c5 6. c3 Nc6 7. Ne2 cxd4 8. cxd4 f6 9. exf6 Nxf6 10. Nf3 Bd6 11. h3 Qc7 12. O-O O-O 13. Be3 e5 14. dxe5 Nxe5 15. Nxe5 Bxe5 16. Rc1 Qf7 17. Nd4 Ne4 18. Qe2 Bd7 19. Rfd1 Rae8 20. Bxe4 dxe4 21. Nb5 Bc6 22. Nxa7 Qxa2 23. Nxc6 bxc6 24. Rxc6 Qxb2 25. Qg4 Rd8 26. Rxd8 Rxd8 27. Qe6+ Kh8 28. Rc8 Qb1+ 29. Bc1 Qxc1+ 0-1


[Site "https://www.chess.com"]

[Event "Titled Tuesday Blitz May 2 Late 2023"]
[White "Saim, Mohamed Ilias"]
[Black "Ismayilova, Khanim"]
[WhiteFideId "7900465"]
[BlackFideId "13429019"]
[WhiteElo "2063"]
[BlackElo "1633"]
[Result "0-1"]
[Round "11"]
[TimeControl "180+2"]
[Date "2023.05.02"]
[WhiteClock "0:00:42"]
[BlackClock "0:01:03"]

1. d4 d5 2. c4 e6 3. Nf3 Nf6 4. e3 Be7 5. Bd3 O-O 6. O-O b6 7. Nc3 Bb7 8. cxd5 Nxd5 9. Nxd5 Bxd5 10. Bd2 Nd7 11. b4 Nf6 12. Qc2 Rc8 13. e4 Bb7 14. e5 Nd5 15. Bxh7+ Kh8 16. Be4 Nxb4 17. Bxb4 Bxe4 18. Bxe7 Bxc2 19. Bxd8 Rfxd8 20. Rac1 Be4 21. Rc4 Bd3 22. Rc3 Bxf1 23. Kxf1 c5 24. dxc5 Rxc5 25. Ra3 Rc2 26. Rxa7 Rd1+ 27. Ne1 Rcc1 28. g3 Rxe1+ 29. Kg2 Rxe5 30. Rxf7 Rc2 31. Rb7 b5 32. Ra7 Ree2 33. Ra5 Rxf2+ 34. Kh3 Rxh2+ 35. Kg4 Rxa2 36. Rxb5 Ra4+ 37. Kg5 Kh7 38. Re5 Ra6 39. g4 Rd2 40. Re1 Rd5+ 41. Kh4 Kg6 42. Rf1 e5 43. Rf5 Ra3 44. Rg5+ Kf7 45. Rf5+ Ke7 46. Rg5 Kf6 47. Rf5+ Ke6 48. Rg5 Rd7 49. Rg6+ Kd5 50. Rb6 e4 51. Rb5+ Kc4 52. Rb1 e3 53. Rc1+ Kb3 54. Re1 Kc2 55. Kg3 Rd1 56. Re2+ Rd2 57. Rxe3 Rxe3+ 58. Kf4 0-1